 Dungeon Crawl Stone Soup version 0.31.0-12-g77e489cdc1 (webtiles) character file.

Game seed: 11313396698507415063

105 hawla the Ducker (level 4, -1/26 HPs)
             Began as a Deep Elf Fire Elementalist on Feb 19, 2024.
             Slain by an orc
             ... wielding a +0 hand axe
              (4 damage)
             ... on level 3 of the Dungeon.
             The game lasted 00:04:27 (2765 turns).

hawla the Ducker (Deep Elf Fire Elementalist)       Turns: 2765, Time: 00:04:28

Health: -1/26      AC:  2    Str:  5    XL:     4   Next: 53%
Magic:  3/10       EV: 14    Int: 20    God:
Gold:   96         SH:  0    Dex: 17    Spells: 6/9 levels left

rFire   . . .        (no weapon)
rCold   . . .        (no shield)
rNeg    . . .        a - +0 robe
rPois   .            (no helmet)
rElec   .            (no cloak)
rCorr   .            (no gloves)
SInv    .            (no boots)
Will    .....        (no amulet)
Stlth   ++           (no ring)
HPRegen 0.24/turn    (no ring)
MPRegen 0.12/turn

%: no passive effects
@: no status effects
A: no striking features
a: no special abilities


You were on level 3 of the Dungeon.
You visited 1 branch of the dungeon, and saw 3 of its levels.

You collected 96 gold pieces.

Inventory:

Armour
 a - a +0 robe (worn)
Wands
 i - a wand of flame (21)
 m - a wand of polymorph (12)
Scrolls
 c - 2 scrolls of enchant weapon {unknown}
 j - a scroll of identify {unknown}
 k - a scroll of amnesia {unknown}
Potions
 e - 3 potions of lignification {unknown}
 f - 2 potions of berserk rage {unknown}
 g - a potion of brilliance {unknown}
 h - a potion of ambrosia {unknown}
 l - a potion of enlightenment {unknown}


   Skills:
 - Level 2.0 Fighting
 + Level 4.8 Dodging
 - Level 2.4 Stealth
 - Level 3.0 Spellcasting
 - Level 1.1 Conjurations
 - Level 3.2 Fire Magic


You had 6 spell levels left.
You knew the following spells:

 Your Spells              Type           Power      Damage    Failure   Level
a - Foxfire               Conj/Fire      44%        2x1d6     6%          1
b - Scorch                Fire           32%        2d6       5%          2

Your spell library contained the following spells:

 Spells                   Type           Power      Damage    Failure   Level
 Inner Flame              Hex/Fire       9%         N/A       22%         3
 Volatile Blastmotes      Fire/Tloc      18%        2d11      22%         3
 Flame Wave               Conj/Fire      11%        2d6       50%         4


Dungeon Overview and Level Annotations

Branches:
Dungeon (3/15)

Altars:
Hepliaklqana
Uskayaw

Shops:
D:1 [


Message History

The foxfire hits the orc.
The orc is lightly wounded.
The orc priest hits you with a +0 hand axe!
The orc barely misses you. Magic courses through your body.
The orc wizard hits you but does no damage.
The orc priest hits you with a +0 hand axe.
The orc closely misses you.
Casting: Scorch (safe; 6% risk of failure)
Confirm with . or Enter, or press ? or * to list all spells.
Flames lash the orc wizard.
You kill the orc wizard!
The orc priest hits you but does no damage.
The orc hits you with a +0 hand axe.
* * * LOW HITPOINT WARNING * * *
Your Dodging skill increases to level 4!
You have reached level 4!
You feel clever.
Casting: Scorch (safe; 5% risk of failure)
Confirm with . or Enter, or press ? or * to list all spells.
Flames lash the orc.
The orc is moderately wounded.
The orc's fire resistance burns away.
The orc priest hits you with a +0 hand axe.
* * * LOW HITPOINT WARNING * * *
The orc hits you with a +0 hand axe.
* * * LOW HITPOINT WARNING * * *
Casting: Scorch (safe; 5% risk of failure)
Confirm with . or Enter, or press ? or * to list all spells.
Flames lash the orc priest.
The orc priest is burned terribly!
You kill the orc priest!
The orc misses you.
Your magical contamination has completely faded away.
Unknown command.
Casting: Scorch (safe; 5% risk of failure)
Confirm with . or Enter, or press ? or * to list all spells.
You conjure some foxfire!
The orc is no longer more vulnerable to fire.
The orc hits you with a +0 hand axe.
You die...

#..(...##
#.......+
#....#.##
#.#..#.#
#....#.#
#########.#
##$$$## #.#
#+
#$8$8v####.#
#.#
#_..v@'....#
#.#
#.8$8o######
##.####
##$$$##
##......
####
#.......
##...###
#.#####..# #
.........# #
#.#####.## #
#.# #


You could see an orc (ally target).

Vanquished Creatures
  An orc priest (D:3)
  An orc wizard (D:3)
  A dart slug (D:1)
  9 ball pythons
  3 endoplasms (D:1)
  5 goblins
  6 hobgoblins
  3 jackals (D:3)
  5 kobolds
  2 quokkas (D:1)
  3 bats
  A frilled lizard (D:2)
  4 rats
44 creatures vanquished.

Vanquished Creatures (others)
  85 foxfires
85 creatures vanquished.

Grand Total: 129 creatures vanquished

Notes
Turn   | Place    | Note
-------+----------+-------------------------------------------
     0 | D:1      | hawla the Deep Elf Fire Elementalist began the quest for
                  | the Orb.
     0 | D:1      | Reached XP level 1. HP: 10/10 MP: 6/6
   107 | D:1      | Reached skill level 1 in Fighting
   167 | D:1      | Reached XP level 2. HP: 16/16 MP: 5/8
   595 | D:1      | Found Feraokk's Armour Shoppe.
   673 | D:1      | Found a faded altar of an unknown god.
   739 | D:1      | Learned a level 2 spell: Scorch
   919 | D:1      | Reached XP level 3. HP: 20/21 MP: 5/9
  1146 | D:1      | Reached skill level 3 in Dodging
  1204 | D:2      | Found a hide-covered altar of Uskayaw.
  2388 | D:3      | Found a hazy altar of Hepliaklqana.
  2763 | D:3      | Reached skill level 4 in Dodging
  2763 | D:3      | Reached XP level 4. HP: 6/26 MP: 7/10
  2765 | D:3      | Slain by an orc

Illustrated notes

Levels and vault maps discovered:
D:1:      evilmike_arrival_hilbert_curve, layout_basic, serial_shops, shop,
          hellmonk_ecumenical_altar_arch_garden, minmay_misc_feat_tower
D:2:      layout_basic, basic_altar, serial_forest,
          infiniplex_forest_clump_medium, infiniplex_forest_clump_double,
          infiniplex_forest_end_2, infiniplex_forest_lined_3,
          infiniplex_forest_end_double, infiniplex_forest_straight_5,
          infiniplex_forest_lined_4_way, infiniplex_forest_lined_2,
          infiniplex_forest_lined_4_way, infiniplex_forest_lined_2,
          roderic_roman_lattice
D:3:      layout_loops_corners, lemuel_crystal_altar, bloody_makhleb,
          kennysheep_another_room, kennysheep_orc_chapel

Skill      XL: |  1  2  3 |
---------------+----------+-----
Fighting       | 1 2 |  2.0
Dodging        | 4 |  4.8
Stealth        | |  2.4
Spellcasting   | |  3.0
Conjurations   | |  1.1
Fire Magic     | |  3.2

Action                     |  1- 3 |  4- 6 || total
---------------------------+-------+-------++-------
  Melee: Unarmed           |    16 |       ||    16
   Cast: Foxfire           |    54 |     1 ||    55
         Scorch            |     8 |     2 ||    10
    Use: Scroll            |     2 |       ||     2
         Potion            |     2 |       ||     2
 Armour: Robe              |    29 |     3 ||    32
  Dodge: Dodged            |    36 |     1 ||    37
